 Dungeon Crawl Stone Soup version 0.26.1-10-gdfb7c7de75 (webtiles) character file.

Game seed: 15645835560163023416

117 tardwrangler69 the Skirmisher (level 4, -8/38 (40) HPs)
             Began as a Minotaur Fighter on Apr 3, 2021.
             Mangled by a wight
             ... wielding a cursed +0 halberd
              (11 damage)
             ... on level 2 of the Dungeon.
             The game lasted 00:01:36 (1255 turns).

tardwrangler69 the Skirmisher (Minotaur Fighter)    Turns: 1255, Time: 00:01:36

HP:   -8/38 (40)    AC:  7    Str: 21    XL:     4   Next: 71%
MP:   3/3           EV:  8    Int:  5    God:
Gold: 102           SH:  9    Dex: 10    Spells: 3/3 levels left

rFire    . . .     SeeInvis .   a - +0 rapier
rCold    . . .     Faith    .   c - +0 kite shield
rNeg     . . .     Spirit   .   b - +0 scale mail
rPois    .         Reflect  .   (helmet restricted)
rElec    .         Harm     .   (no cloak)
rCorr    .         Rampage  .   (no gloves)
Will     .....                  (no boots)
Stlth    ..........             (no amulet)
HPRegen  0.12/turn              (no ring)
MPRegen  0.08/turn              (no ring)

@: drained
A: retaliatory headbutt, horns 2
a: no special abilities


You were on level 2 of the Dungeon.
You visited 1 branch of the dungeon, and saw 2 of its levels.

You collected 102 gold pieces.

Inventory:

Hand Weapons
 a - a +0 rapier (weapon)
 j - a +0 short sword
Armour
 b - a +0 scale mail (worn)
 c - a +0 kite shield (worn)
Scrolls
 e - 4 scrolls of identify {unknown}
 g - a scroll of immolation {unknown}
 h - a scroll of fear {unknown}
 k - a scroll of remove curse {unknown}
 l - a scroll of fog {unknown}
Potions
 d - 2 potions of might
 f - a potion of resistance {unknown}
 i - a potion of attraction {unknown}


   Skills:
 + Level 4.3 Fighting
 * Level 3.7 Short Blades
 + Level 4.3 Armour
 + Level 1.9 Dodging
 - Level 4.0 Shields


You had 3 spell levels left.
You didn't know any spells.
Your spell library was empty.

Dungeon Overview and Level Annotations

Branches:
Dungeon (2/15)

Altars:


Innate Abilities, Weirdness & Mutations

You reflexively headbutt those who attack you in melee.
You have a pair of horns on your head.


Message History

The wight hits you but does no damage.
You are too injured to fight recklessly!
You are too injured to fight recklessly!
You are too injured to fight recklessly!
You are too injured to fight recklessly!
You are too injured to fight recklessly!
You are too injured to fight recklessly!
You are too injured to fight recklessly!
You are too injured to fight recklessly!
You are too injured to fight recklessly!
You are too injured to fight recklessly!
You are too injured to fight recklessly!
You are too injured to fight recklessly!
You are too injured to fight recklessly!
You hit the wight.
The wight is moderately damaged.
The wight hits you with a cursed +0 long sword!
* * * LOW HITPOINT WARNING * * *
The wight hits you from afar with a cursed +0 halberd!
You die...

......................##.# ......
#.#.##.....##.#..###..##.###.....
#.#.##.....##.#..####.....##.....
....##.....##..........#...#.....
..####.....####........)...#.....
..............#.#####..#†..†..†..
...####+#+#.#.#.. .....#......†..
...# #.#.#(#.######)..#.........
...# #.#.#+#...@zzz........####'
...# #)#.......####........####.
##.# #.#.......# ####..........
##.####.#.......# #.....#####
......(.........# #.>...#####
...####.#.......# #...
#######.....)...# #...
...........###### #...
########...# #...


You could see 3 wights.

Vanquished Creatures
  A wight (D:2)
  2 adders (D:2)
  A dart slug (D:1)
  3 leopard geckos
  4 bats
  2 giant cockroaches (D:1)
  7 goblins
  10 hobgoblins
  6 jackals
  A quokka (D:2)
  A frilled lizard (D:2)
  5 kobolds
  4 rats
47 creatures vanquished.

Vanquished Creatures (others)
  A plant (D:1)
1 creature vanquished.

Grand Total: 48 creatures vanquished

Notes
Turn   | Place    | Note
-------+----------+-------------------------------------------
     0 | D:1      | tardwrangler69 the Minotaur Fighter began the quest for the
                  | Orb.
     0 | D:1      | Reached XP level 1. HP: 19/19 MP: 0/0
   118 | D:1      | Reached XP level 2. HP: 27/27 MP: 1/1
   485 | D:1      | Reached skill level 1 in Dodging
   561 | D:1      | Reached XP level 3. HP: 33/33 MP: 2/2
  1187 | D:2      | Reached XP level 4. HP: 40/40 MP: 3/3
  1255 | D:2      | Mangled by a wight

Illustrated notes

Levels and vault maps discovered:
D:1:      denvon_arrival_planthouse, layout_loops_cross, serial_park_tiny_1
D:2:      layout_basic

Skill      XL: |  1  2  3 |
---------------+----------+-----
Dodging        | 1 |  1.9
Fighting       | 4 |  4.3
Short Blades   | 3 |  3.7
Armour         | 4 |  4.3
Shields        | 4 |  4.0

Action                   |  1- 3 |  4- 6 || total
-------------------------+-------+-------++-------
Melee: Rapier            |   102 |    14 ||   116
       Headbutt          |    13 |     2 ||    15
       Short sword       |    12 |       ||    12
Armor: Scale mail        |    44 |     7 ||    51
Dodge: Dodged            |    26 |     6 ||    32
Block: Kite shield       |    56 |    10 ||    66
